[Event "*** Titled Tuesday Blitz"]
[Site "Chess.com"]
[Date "2020.05.12"]
[Round "4"]
[White "Hasangatin_Ramil"]
[Black "Luibov_AN"]
[Result "1-0"]
[WhiteElo "2558"]
[BlackElo "2126"]
[TimeControl "180+1"]
[EndTime "10:41:45 PDT"]
[Termination "Hasangatin_Ramil won by resignation"]

1. e4 g6 2. d4 Bg7 3. Nc3 c5 4. d5 e5 5. dxe6 fxe6 6. Nf3 a6 7. a4 Nc6 8. Be3 d6 9. Qd2 h6 10. Rd1 Bf8 11. Bc4 Nf6 12. e5 Ng4 13. exd6 Nxe3 14. Qxe3 Qf6 15. Qxc5 Bd7 16. O-O Bg7 17. Ne4 Qf7 18.
Qe3 O-O 19. Nc5 Nd8 20. Rfe1 Re8 21. Ne5 Bxe5 22. Qxe5 Kh7 23. Rd3 Rc8 24. Rf3 Qg7 25. Qxg7+ Kxg7 26. Nxd7 Rxc4 27. c3 Rxa4 28. g3 Ra2 29.
Re2 Ra1+ 30. Kg2 Rd1 31. Ne5 Rxd6 32. Rfe3 b5 33. h4 h5 34. Re4 a5 35. Nf3 Rd5 36.
Ng5 e5 37. c4 bxc4 38. Rxc4 Ne6 39. Nxe6+ Rxe6 40. Rc7+ Kf6 41. Re3 e4 42. Rc4 Rde5 43.
Rd4 Kf5 44. b3 Kf6 45. Rc4 Kf5 46. Rc8 Kf6 47. Rf8+ Kg7 48. Rf4 Re7 49. Kf1 R7e6 50. Kg2 Re7 51. Kh3 R7e6 52. g4 hxg4+ 53. Kxg4 Rb6 54.
Rfxe4 Rxe4+ 55. Rxe4 Rxb3 56. f4 Kf7 57. Rc4 Rb4 58.
Rc7+ Kf6 59. Rc6+ Kf7 60. Ra6 a4 61. Ra5 Kf6 62. Ra6+ Kf7 63. Ra8 Kf6 64. Rf8+ Kg7 65.
Rc8 Kf6 66. Rc6+ Kf7 67. Rc7+ Kf6 68. Rc8 Kf7 69. Rc5 Kf6 70. Ra5 Kf7 71. Kg5 Rb6 72. Rxa4 Rb5+ 73. Kg4 Kf6 74. Ra6+ Kf7 75. Rd6 Kg7 76. Rd4 Kf6 77. Re4 Kf7 78. Re5 Rb4 79. Kg5 Rb1 80. Ra5 Rg1+ 81. Kh6 Rh1 82. h5 gxh5 83.
Rxh5 Rf1 84. Kg5 Rg1+ 85. Kf5 Kg7 86. Rh3 Rg2 87. Rb3 Kf7 88. Rb7+ Kf8 89. Kf6 Ke8 90. f5 Rc2 91. Rb8+ Kd7 92. Kf7 Rf2 93. f6 Kd6 94.
Rb3 Ke5 95. Rb5+ Kd6 96. Rb1 Ke5 97. Re1+ Kf5 98. Ke7 Kg5 99. f7 Rxf7+ 100. Kxf7 1-0

[Event "*** Titled Tuesday Blitz"]
[Site "Chess.com"]
[Date "2020.05.12"]
[Round "4"]
[White "Loiacono_Antonio"]
[Black "DaggiGretarsson"]
[Result "1/2-1/2"]
[WhiteElo "2402"]
[BlackElo "2590"]
[TimeControl "180+1"]
[EndTime "10:42:14 PDT"]
[Termination "Game drawn by 50-move rule"]

1. e4 g6 2. d4 Bg7 3. Nc3 d6 4. f4 a6 5. Nf3 b5 6. Bd3 Nd7 7. e5 c5 8. Be4 Rb8 9. O-O cxd4 10. Nxd4 dxe5 11. Nc6 Qb6+ 12. Kh1 Ngf6 13. Nxb8 Qxb8 14.
fxe5 Nxe5 15. Bf4 O-O 16. Qe1 Nh5 17. Bg5 Re8 18. Rd1 h6 19. Bc1 Ng4 20. g3 Bb7 21.
Rd7 Bxc3 22. Rxb7 Bxe1 23. Rxb8 Rxb8 24. Rxe1 Nf2+ 25. Kg2 Nxe4 26. Rxe4 Kf8 27. Bxh6+ Ke8 28. Bg5 f6 29. Bd2 Rc8 30. Bc3 e5 31. g4 Nf4+ 32. Kf1 g5 33. h4 gxh4 34. g5 Kf7 35. gxf6 Ng6 36. a4 Kxf6 37. axb5 axb5 38. Kg2 Kf5 39. Rb4 Nf4+ 40. Kh2 Rb8 41. Bd2 Kg4 42. c4 Kf3 43. cxb5 e4 44. b6 e3 45. Rb3 Nd5 46.
b7 Ke4 47. Bxe3 Nxe3 48. Kh3 Nf5 49. Rb4+ Ke5 50. Kg4 Nd6 51. Kxh4 Nxb7 52. Kg3 Rg8+ 53.
Kf3 Nc5 54. Rb5 Kd4 55. b4 Nd3 56. Rb7 Rf8+ 57. Kg4 Ne5+ 58. Kg5 Kd5 59. b5 Rg8+ 60. Kf5 Rf8+ 61. Kg5 Rg8+ 62. Kf4 Nc4 63. Rd7+ Kc5 64. b6 Nxb6 65. Rc7+ Kd6 66. Rc1 Nd5+ 67. Ke4 Rg4+ 68. Kf3 Rf4+ 69. Kg3 Re4 70. Rd1 Ke5 71. Kf3 Re3+ 72.
Kf2 Rc3 73. Re1+ Kf5 74. Kg2 Nf6 75. Rf1+ Kg5 76. Rf3 Rc2+ 77. Rf2 Rc1 78. Rf1 Rc4 79. Rf2 Nh5 80. Ra2 Nf4+ 81. Kh2 Rc3 82. Kg1 Kg4 83. Kf2 Rf3+ 84. Ke1 Rd3 85. Rd2 Re3+ 86. Kd1 Kf3 87. Kc2 Ke4 88. Rd1 Nd5 89. Rd2 Rf3 90. Re2+ Kd4 91. Rd2+ Kc4 92. Kd1 Nc3+ 93. Ke1 Rh3 94. Rd8 Rh1+ 95. Kf2 Nd5 96. Kg2 Rd1 97. Kf2 Kc5 98. Rc8+ Kd4 99. Rd8 Rc1 100. Ra8 Rb1 101. Kg3 Rb2 102. Kf3 Rc2 103. Kg3 Rc3+ 104. Kg4 Rc4 105. Rd8 Kd3+ 106. Kg5 Rd4 107. Rd7 Ke3 108. Rd8 Rd3 109. Rd7 Ke4 110. Rd8 Ke5 111. Re8+ Kd6 112. Rd8+ Ke6 113. Re8+ Ne7 114. Kf4 Rd4+ 1/2-1/2

[Event "*** Titled Tuesday Blitz"]
[Site "Chess.com"]
[Date "2020.05.12"]
[Round "5"]
[White "fm_magua"]
[Black "Irishchessman16"]
[Result "0-1"]
[WhiteElo "2540"]
[BlackElo "2412"]
[TimeControl "180+1"]
[EndTime "10:50:07 PDT"]
[Termination "Irishchessman16 won by resignation"]

1. e4 c5 2. Nf3 Nc6 3. d4 cxd4 4.
Nxd4 Nf6 5. Nc3 e5 6. Ndb5 d6 7. Nd5 Nxd5 8. exd5 Nb8 9. c3 Be7 10. a4 O-O 11. Be3 f5 12. Be2 a6 13. Na3 f4 14. Bd2 e4 15. Nc4 e3 16. fxe3 Bh4+ 0-1

[Event "*** Titled Tuesday Blitz"]
[Site "Chess.com"]
[Date "2020.05.12"]
[Round "5"]
[White "pedroholly22"]
[Black "Lestofante90"]
[Result "0-1"]
[WhiteElo "2453"]
[BlackElo "2641"]
[TimeControl "180+1"]
[EndTime "10:51:05 PDT"]
[Termination "Lestofante90 won by resignation"]

1. e4 c5 2. Nf3 d6 3. d4 cxd4 4. Nxd4 Nf6 5. Nc3 g6 6. h3 Bg7 7. g4 Nc6 8. Be3 O-O 9. Bg2 Bd7 10. O-O Rc8 11. Rc1 Ne5 12. g5 Nh5 13. Nd5 Nc4 14. b3 Nxe3 15. Nxe3 Nf4 16. h4 Bxd4 0-1

[Event "*** Titled Tuesday Blitz"]
[Site "Chess.com"]
[Date "2020.05.12"]
[Round "5"]
[White "rynos0411"]
[Black "BlackWidow515"]
[Result "1-0"]
[WhiteElo "2330"]
[BlackElo "2128"]
[TimeControl "180+1"]
[EndTime "10:51:21 PDT"]
[Termination "rynos0411 won by resignation"]

1. d4 d5 2. c4 e6 3. Nf3 Nf6 4. Nc3 Ke7 5. Bf4 Ke8 6. e3 Be7 7. Rc1 c6 8. Bd3 Nbd7 9. O-O Nf8 10. Re1 Ng6 11. Bg3 Bd7 12. e4 dxe4 13. Nxe4 Nxe4 14. Bxe4 f6 15. d5 e5 16. d6 Bf8 17. c5 Kf7 18. h4 Be6 19. h5 Nf4 20. Bxf4 exf4 21. Qe2 Bd7 22. Qc4+ Be6 23. Bg6+ 1-0

[Event "*** Titled Tuesday Blitz"]
[Site "Chess.com"]
[Date "2020.05.12"]
[Round "5"]
[White "narutosmith"]
[Black "RubensCezila"]
[Result "1-0"]
[WhiteElo "2285"]
[BlackElo "2461"]
[TimeControl "180+1"]
[EndTime "10:51:35 PDT"]
[Termination "narutosmith won by resignation"]

1. c4 Nf6 2. Nc3 g6 3. g3 Bg7 4. Bg2 O-O 5. e4 d6 6. Nge2 c5 7. O-O Nc6 8. a3 Ne8 9. Rb1 a5 10. d3 Bd7 11. Be3 Nd4 12. b4 axb4 13. axb4 Nxe2+ 14.
Nxe2 b6 15. d4 cxb4 16. Rxb4 Rb8 17. Qb1 Qc8 18. Rc1 Bh3 19. Rxb6 Rxb6 20. Qxb6 Bxg2 21. Kxg2 Nf6 22. f3 Bh6 23. Bxh6 1-0

[Event "*** Titled Tuesday Blitz"]
[Site "Chess.com"]
[Date "2020.05.12"]
[Round "5"]
[White "Shivagami"]
[Black "VALPARAISO37"]
[Result "0-1"]
[WhiteElo "2202"]
[BlackElo "2379"]
[TimeControl "180+1"]
[EndTime "10:51:46 PDT"]
[Termination "VALPARAISO37 won by resignation"]

1. d4 Nf6 2. c4 e6 3. Nc3 Bb4 4. f3 c5 5. d5 O-O 6. e4 Re8 7. Bd3 b5 8. Bg5 exd5 9. cxd5 Nxe4 10. Bxd8 Nxc3+ 11. Kf1 Nxd1 12. Rxd1 c4 13. Bxh7+ Kxh7 14. Bg5 d6 15. Ne2 Nd7 16. Nd4 a6 17. Bf4 Ne5 18. Bxe5 dxe5 19. Nc6 Bc5 0-1

[Event "*** Titled Tuesday Blitz"]
[Site "Chess.com"]
[Date "2020.05.12"]
[Round "5"]
[White "renehp"]
[Black "1977Ivan"]
[Result "0-1"]
[WhiteElo "2419"]
[BlackElo "2640"]
[TimeControl "180+1"]
[EndTime "10:51:47 PDT"]
[Termination "1977Ivan won by resignation"]

1. e4 c5 2. Nf3 e6 3. d4 cxd4 4.
Nxd4 Nc6 5. Nc3 Qc7 6. Be3 a6 7.
Bd3 Nf6 8. O-O h5 9. h3 b5 10. Nxc6 Qxc6 11. a3 Bb7 12. Qe2 Rc8 13. f4 Bc5 14.
Kh2 h4 15. Bxc5 Qxc5 16. e5 Nh5 17. Qg4 Ng3 18. Qxg7 Nxf1+ 19. Rxf1 Qf8 20. Qf6 Qh6 21. Be4 Qxf6 22. exf6 d5 23. Bf3 Rh6 24. f5 Rxf6 25.
fxe6 fxe6 26. Re1 Kd7 0-1

[Event "*** Titled Tuesday Blitz"]
[Site "Chess.com"]
[Date "2020.05.12"]
[Round "5"]
[White "Chepaschess"]
[Black "Riptide27"]
[Result "1/2-1/2"]
[WhiteElo "2764"]
[BlackElo "2592"]
[TimeControl "180+1"]
[EndTime "10:51:58 PDT"]
[Termination "Game drawn by repetition"]

1. d4 d5 2. Nf3 Nf6 3. c4 dxc4 4. e3 g6 5. Bxc4 Bg7 6. O-O O-O 7. Nc3 Nc6 8. h3 Bf5 9. Qe2 Ne4 10. Nh4 Nxc3 11. bxc3 Bd7 12. Nf3 e5 13. Ba3 Re8 14. Rfd1 e4 15.
Bxf7+ Kxf7 16. Qc4+ Kf6 17. Ne5 Nxe5 18. dxe5+ Rxe5 19. Qd4 Ke6 20. Qc4+ Kf6 21. Qd4 Ke6 22. Qc4+ Kf6 1/2-1/2

[Event "*** Titled Tuesday Blitz"]
[Site "Chess.com"]
[Date "2020.05.12"]
[Round "5"]
[White "damayito"]
[Black "Denis_Palkovich"]
[Result "0-1"]
[WhiteElo "1589"]
[BlackElo "2279"]
[TimeControl "180+1"]
[EndTime "10:52:04 PDT"]
[Termination "Denis_Palkovich won by resignation"]

1. e4 d5 2. exd5 Nf6 3. Nf3 Nxd5 4. Bc4 Nb6 5. Bb3 c5 6. a3 c4 7. Ba2 Nc6 8. O-O Bg4 9. h3 Bh5 10. b3 Nd4 11. bxc4 Nxf3+ 12. gxf3 Qd4 13. Nc3 e6 14. d3 Qh4 15. Ne4 Qxh3 16. Ng3 Bd6 17. Qe1 Bxf3 0-1

[Event "*** Titled Tuesday Blitz"]
[Site "Chess.com"]
[Date "2020.05.12"]
[Round "5"]
[White "gui_borba"]
[Black "Chessdude1987"]
[Result "1-0"]
[WhiteElo "2335"]
[BlackElo "2164"]
[TimeControl "180+1"]
[EndTime "10:52:05 PDT"]
[Termination "gui_borba won by resignation"]

1. d4 e6 2. e4 d5 3. e5 c5 4. c3 Nc6 5. Nf3 Qb6 6. a3 f6 7. Bd3 fxe5 8. dxe5 c4 9. Bc2 Nh6 10. Bxh6 Qxb2 11. Bc1 Qxa1 12. O-O Bc5 13. Ng5 Nxe5 14. Nxh7 Bd7 15. Qh5+ g6 16. Qxe5 Rxh7 17. Bxg6+ Rf7 18. Qf6 Be7 19. Qxf7+ Kd8 20. Qg8+ Kc7 21. Qxa8 1-0

[Event "*** Titled Tuesday Blitz"]
[Site "Chess.com"]
[Date "2020.05.12"]
[Round "5"]
[White "SergioGarciaFuentes"]
[Black "harvsp123"]
[Result "0-1"]
[WhiteElo "2170"]
[BlackElo "2530"]
[TimeControl "180+1"]
[EndTime "10:52:12 PDT"]
[Termination "harvsp123 won by resignation"]

1. Nf3 g6 2. g3 Bg7 3. d4 c5 4.
dxc5 Qa5+ 5. Nc3 Qxc5 6. Bg2 Nf6 7. O-O O-O 8. e4 d6 9. Be3 Qc7 10. Bd4 Nc6 11. Bxf6 exf6 12. Nd5 Qd8 13. Re1 Be6 14.
c3 f5 15. exf5 Bxf5 16. Ng5 0-1

[Event "*** Titled Tuesday Blitz"]
[Site "Chess.com"]
[Date "2020.05.12"]
[Round "5"]
[White "Khamrakulov_Djurabek"]
[Black "FelixJoseYnojosa"]
[Result "0-1"]
[WhiteElo "2809"]
[BlackElo "2627"]
[TimeControl "180+1"]
[EndTime "10:52:14 PDT"]
[Termination "FelixJoseYnojosa won by resignation"]

1. e4 c5 2. c3 Nf6 3. e5 Nd5 4.
Nf3 Nc6 5. d4 cxd4 6. cxd4 d6 7.
Bc4 Nb6 8. Bb5 d5 9. Nc3 Bg4 10. h3 Bxf3 11. Qxf3 e6 12. O-O Be7 13. Qg4 Kf8 14. Bxc6 bxc6 15. b3 h5 16. Qe2 g6 17.
a4 a5 18. Ba3 Bxa3 19. Rxa3 Qe7 20. Ra2 Kg7 21. Rc2 Rhc8 22. Rfc1 Qb4 23. Qe3 c5 24. dxc5 Qxc5 25. Nxd5 Qxd5 26. Qxb6 Rxc2 0-1

[Event "*** Titled Tuesday Blitz"]
[Site "Chess.com"]
[Date "2020.05.12"]
[Round "5"]
[White "SharapovEvgeny"]
[Black "ezkybel"]
[Result "0-1"]
[WhiteElo "2371"]
[BlackElo "2516"]
[TimeControl "180+1"]
[EndTime "10:52:22 PDT"]
[Termination "ezkybel won by resignation"]

1. e4 e6 2. d4 d5 3. Nc3 Nf6 4. e5 Ne4 5. Nxe4 dxe4 6. Be3 c5 7. c3 cxd4 8. Qxd4 Qxd4 9. Bxd4 Nc6 10. Bb5 Bd7 11.
Bxc6 Bxc6 12. Ne2 Be7 13. O-O-O O-O 14. Ng3 f5 15. exf6 gxf6 16. Rhe1 f5 17. Kb1 a5 18. Ne2 a4 19. Nf4 Kf7 20. Be5 a3 21. b3 Ra5 22.
Bd6 e5 23. Bxe7 Kxe7 24. Ne2 Rc5 25. c4 b5 26. cxb5 Bxb5 27. Ng3 Bd3+ 28. Ka1 Rc2 29. f3 Ke6 30. fxe4 fxe4 31. Nxe4 Bxe4 32. Rxe4 Rff2 0-1

[Event "*** Titled Tuesday Blitz"]
[Site "Chess.com"]
[Date "2020.05.12"]
[Round "5"]
[White "amaidel"]
[Black "Kaua18"]
[Result "1-0"]
[WhiteElo "2540"]
[BlackElo "2320"]
[TimeControl "180+1"]
[EndTime "10:52:25 PDT"]
[Termination "amaidel won by resignation"]

1. Nf3 c5 2. e4 Nc6 3. Bb5 g6 4. Bxc6 dxc6 5. Nc3 Bg7 6. h3 Nf6 7. d3 O-O 8. Be3 Nd7 9. Qd2 Re8 10. O-O e5 11.
Bh6 Bh8 12. Ne2 Nf8 13. a3 Ne6 14. b4 b6 15. Rfd1 Ba6 16. Ng5 Nd4 17. bxc5 b5 18. Nxd4 Qxd4 19. Qb4 Qd8 20. c3 f6 21. Qb3+ 1-0

[Event "*** Titled Tuesday Blitz"]
[Site "Chess.com"]
[Date "2020.05.12"]
[Round "5"]
[White "coalescenet"]
[Black "Sergey85Rodchenkov"]
[Result "0-1"]
[WhiteElo "2342"]
[BlackElo "2499"]
[TimeControl "180+1"]
[EndTime "10:52:36 PDT"]
[Termination "Sergey85Rodchenkov won by resignation"]

1. d4 d5 2. c4 dxc4 3. e3 Nf6 4.
Bxc4 e6 5. Nf3 c5 6. O-O a6 7. a4 Nc6 8. Qe2 Be7 9. Nc3 cxd4 10. Rd1 e5 11. exd4 exd4 12. Ne4 O-O 13. Bg5 Nxe4 14. Bxe7 Qxe7 15. Nxd4 Nf6 16. Nxc6 Qxe2 17. Bxe2 bxc6 18. Bf3 Rb8 19. Rd2 Nd5 20. g3 g6 21. Rc1 Bd7 22. a5 Rfe8 23. Kg2 Rb5 24. Bxd5 Rxd5 25. Rxd5 cxd5 26.
Rc7 Bb5 27. Rc5 Re2 28. Kf3 Rxb2 29. Rxd5 Bc6 0-1

[Event "*** Titled Tuesday Blitz"]
[Site "Chess.com"]
[Date "2020.05.12"]
[Round "5"]
[White "NotFischer"]
[Black "ZarinaShafigullina"]
[Result "0-1"]
[WhiteElo "2107"]
[BlackElo "2316"]
[TimeControl "180+1"]
[EndTime "10:52:36 PDT"]
[Termination "ZarinaShafigullina won by resignation"]

1. Nf3 Nf6 2. g3 b6 3. Bg2 Bb7 4. O-O c5 5. d4 cxd4 6. Nxd4 Bxg2 7. Kxg2 Qc8 8. Nc3 Nc6 9. e4 d6 10. Be3 Ne5 11. f4 Nc4 12. Bc1 e6 13. Qf3 Be7 14.
b3 Na5 15. e5 Nd7 16. exd6 Bxd6 17. Ncb5 Bc5 18. Qxa8 Qxa8+ 0-1

[Event "*** Titled Tuesday Blitz"]
[Site "Chess.com"]
[Date "2020.05.12"]
[Round "5"]
[White "tteshan"]
[Black "Lunow"]
[Result "0-1"]
[WhiteElo "2191"]
[BlackElo "2074"]
[TimeControl "180+1"]
[EndTime "10:52:41 PDT"]
[Termination "Lunow won by resignation"]

1. e4 e5 2. Nf3 Nc6 3. Bb5 a6 4. Ba4 Nf6 5. O-O Be7 6. Re1 b5 7. Bb3 O-O 8. c3 d5 9. exd5 Nxd5 10. Nxe5 Nxe5 11. Rxe5 c6 12. d4 Bd6 13. Re1 Qh4 14.
g3 Qh3 15. Nd2 Bg4 16. Qc2 Rae8 17. Re4 f5 18. Re3 f4 19. Rxe8 Rxe8 20. f3 fxg3 21.
Ne4 gxh2+ 0-1

[Event "*** Titled Tuesday Blitz"]
[Site "Chess.com"]
[Date "2020.05.12"]
[Round "5"]
[White "Artem_Sadovsky"]
[Black "smshk35"]
[Result "1-0"]
[WhiteElo "2541"]
[BlackElo "2392"]
[TimeControl "180+1"]
[EndTime "10:52:42 PDT"]
[Termination "Artem_Sadovsky won by resignation"]

1. Nf3 Nf6 2. g3 g6 3. Bg2 Bg7 4. O-O O-O 5. c4 d6 6. b3 Ne4 7.
d4 c5 8. Bb2 Nc6 9. e3 cxd4 10.
Nxd4 Nxd4 11. Bxd4 Nf6 12. Nd2 Qc7 13. Rc1 Bg4 14. Qc2 Rac8 15. Ne4 Bf5 16. Nxf6+ Bxf6 17. Qb2 Bxd4 18. exd4 Qd7 19. Rfe1 e6 20. Qe2 d5 21. g4 dxc4 22. gxf5 gxf5 23. Rxc4 Rxc4 24. Qxc4 Rc8 25. Qd3 b6 26. d5 Rd8 27. Qg3+ Kf8 28. Qg5 1-0

[Event "*** Titled Tuesday Blitz"]
[Site "Chess.com"]
[Date "2020.05.12"]
[Round "5"]
[White "Korchmar_Vasiliy"]
[Black "mishanick"]
[Result "1-0"]
[WhiteElo "2642"]
[BlackElo "2942"]
[TimeControl "180+1"]
[EndTime "10:52:45 PDT"]
[Termination "Korchmar_Vasiliy won by resignation"]

1. d4 Nf6 2. Nf3 d5 3. Bf4 c5 4. e3 Nc6 5. Nbd2 Qb6 6. dxc5 Qxb2 7. Rb1 Qc3 8. Bb5 e6 9. O-O Be7 10. Ne5 Bd7 11. Nxd7 Nxd7 12. e4 Nxc5 13. exd5 exd5 14. Re1 Ne6 15. Be5 Qa5 16. Bxc6+ bxc6 17. Rb7 Qd8 18. Bxg7 Rg8 19. Rxe6 1-0

[Event "*** Titled Tuesday Blitz"]
[Site "Chess.com"]
[Date "2020.05.12"]
[Round "5"]
[White "luizwas"]
[Black "JoachimMouhamad"]
[Result "0-1"]
[WhiteElo "1728"]
[BlackElo "2209"]
[TimeControl "180+1"]
[EndTime "10:52:50 PDT"]
[Termination "JoachimMouhamad won by resignation"]

1. e4 e5 2. Nf3 Nc6 3. Bc4 Nf6 4.
Ng5 d5 5. exd5 Na5 6. Bb5+ c6 7.
dxc6 bxc6 8. Be2 h6 9. Nf3 e4 10. Ne5 Bd6 11. d4 exd3 12. Nxd3 O-O 13. Nc3 Re8 14.
Be3 Nc4 15. Bd2 Rb8 16. b3 Nxd2 17. Qxd2 Bf5 18. O-O-O Qa5 19. Na4 Ba3+ 20. Kb1 Qxa4 21. Ka1 Bxd3 22. bxa4 Bb2+ 23. Kb1 Bc3+ 24. Kc1 Bxd2+ 25. Rxd2 Bxe2 26. Re1 Bc4 27. Rd6 Rxe1+ 0-1

[Event "*** Titled Tuesday Blitz"]
[Site "Chess.com"]
[Date "2020.05.12"]
[Round "5"]
[White "KingChess345"]
[Black "S_Kalvaitis"]
[Result "1-0"]
[WhiteElo "2229"]
[BlackElo "2375"]
[TimeControl "180+1"]
[EndTime "10:52:53 PDT"]
[Termination "KingChess345 won by resignation"]

1. d4 Nf6 2. Nf3 e6 3. g3 d5 4. Bg2 Be7 5. O-O O-O 6. c4 dxc4 7. Qc2 a6 8. Qxc4 b5 9. Qc2 Bb7 10. Bf4 Nc6 11. Nc3 Nxd4 12. Nxd4 Bxg2 13. Rfd1 Bb7 14.
Nxe6 Qc8 15. Nxf8 Qh3 16. e4 Ng4 17. Nd5 Nxh2 18. Nxe7+ Kxf8 19. Qe2 Ng4 20. f3 1-0

[Event "*** Titled Tuesday Blitz"]
[Site "Chess.com"]
[Date "2020.05.12"]
[Round "5"]
[White "Leonid_Starozhilov"]
[Black "WonderChampion"]
[Result "1-0"]
[WhiteElo "2642"]
[BlackElo "1891"]
[TimeControl "180+1"]
[EndTime "10:52:56 PDT"]
[Termination "Leonid_Starozhilov won by checkmate"]

1. e4 c5 2. Nf3 g6 3. c4 Bg7 4.
d4 cxd4 5. Nxd4 Nc6 6. Be3 Nf6 7.
Nc3 Nxd4 8. Bxd4 d6 9. Be2 O-O 10. O-O a5 11. Rc1 Be6 12. b3 Nd7 13. Bxg7 Kxg7 14.
f4 f5 15. exf5 Bxf5 16. Qd4+ Nf6 17. Bf3 Qd7 18. Rfe1 Rfc8 19. Nd5 Ra6 20. Rxe7+ Qxe7 21. Nxe7 Re8 22. Nxf5+ gxf5 23. Bxb7 Raa8 24. Bxa8 Rxa8 25. Re1 Rf8 26. Re7+ Rf7 27. Qxd6 Rxe7 28. Qxe7+ Kg6 29. c5 Nd5 30. Qd6+ Nf6 31. c6 Kf7 32. Qxf6+ Kxf6 33. c7 Kg6 34. c8=Q Kh5 35. Qxf5+ Kh4 36. Qg5# 1-0

[Event "*** Titled Tuesday Blitz"]
[Site "Chess.com"]
[Date "2020.05.12"]
[Round "5"]
[White "Haykoooo0o"]
[Black "diablanni"]
[Result "1-0"]
[WhiteElo "2480"]
[BlackElo "2304"]
[TimeControl "180+1"]
[EndTime "10:52:58 PDT"]
[Termination "Haykoooo0o won by resignation"]

1. d4 Nf6 2. c4 c5 3. Nf3 cxd4 4. Nxd4 Nc6 5. Nc3 g6 6. g3 d6 7. Bg2 Bd7 8. O-O Bg7 9. e4 Nxd4 10. Qxd4 Bc6 11. Qd2 O-O 12. Rb1 a5 13. b3 Nd7 14.
Bb2 Nc5 15. Nd5 Bxb2 16. Qxb2 e5 17. Rfd1 Ne6 18. Ne3 Qe7 19. Rd2 Nc5 20. f3 f5 21.
exf5 gxf5 22. Rbd1 Rad8 23. Nd5 Qg7 24. f4 e4 25.
Qxg7+ Kxg7 26. Ne3 Nd3 27. Bf1 Nb4 28. a3 Na6 29.
Rxd6 Rxd6 30. Rxd6 1-0

[Event "*** Titled Tuesday Blitz"]
[Site "Chess.com"]
[Date "2020.05.12"]
[Round "5"]
[White "grzechu96"]
[Black "guillembaches"]
[Result "1-0"]
[WhiteElo "2597"]
[BlackElo "2411"]
[TimeControl "180+1"]
[EndTime "10:53:00 PDT"]
[Termination "grzechu96 won by resignation"]

1. e4 c5 2. Nf3 d6 3. Bb5+ Bd7 4. Bxd7+ Qxd7 5. c4 Nc6 6. d4 cxd4 7. Nxd4 Nf6 8. Nc3 g6 9. f3 Bg7 10. Be3 O-O 11. O-O a6 12. a4 e6 13. Nxc6 bxc6 14. a5 e5 15. Qd3 Qe6 16. Rfd1 Rfd8 17. b4 Rac8 18. b5 cxb5 19. cxb5 Qc4 20. Qxc4 Rxc4 21. Na4 axb5 22. Nb6 Rc3 23. Bf2 1-0

[Event "*** Titled Tuesday Blitz"]
[Site "Chess.com"]
[Date "2020.05.12"]
[Round "5"]
[White "MusicCityMaster"]
[Black "spela91"]
[Result "1-0"]
[WhiteElo "2315"]
[BlackElo "2086"]
[TimeControl "180+1"]
[EndTime "10:53:02 PDT"]
[Termination "MusicCityMaster won by resignation"]

1. e4 c5 2. Nf3 Nc6 3. d4 cxd4 4. Nxd4 Qc7 5. Nc3 e6 6. g3 Nf6 7. Bg2 a6 8. O-O Bc5 9. Nxc6 bxc6 10. Kh1 O-O 11.
f4 d5 12. e5 Nd7 13. Ne2 Rb8 14. g4 f6 15. f5 Nxe5 16. Bf4 exf5 17. gxf5 Bxf5 18.
Ng3 Bg6 19. b3 Rbd8 20. Qe2 Rfe8 21. Qxa6 Ng4 22. Bxc7 1-0

[Event "*** Titled Tuesday Blitz"]
[Site "Chess.com"]
[Date "2020.05.12"]
[Round "5"]
[White "Rhinos1"]
[Black "Islamovqaasim"]
[Result "1-0"]
[WhiteElo "2191"]
[BlackElo "2324"]
[TimeControl "180+1"]
[EndTime "10:53:07 PDT"]
[Termination "Rhinos1 won by checkmate"]

1. e4 b6 2. d3 Bb7 3. Nd2 e6 4. g3 d5 5. Bg2 dxe4 6. dxe4 Nf6 7. Ne2 Bc5 8. O-O O-O 9. c3 e5 10. h3 Be7 11. Qc2 c5 12. a4 Nc6 13. Nc4 a6 14. Rd1 Qc7 15. Be3 b5 16. axb5 axb5 17.
Nd2 h6 18. f4 Bd6 19. f5 Rxa1 20. Rxa1 Ra8 21. Rxa8+ Bxa8 22. g4 Na5 23. g5 hxg5 24.
Bxg5 Bc6 25. Qd3 Be7 26. Ng3 Qb7 27. b4 cxb4 28. cxb4 Bxb4 29. Bxf6 gxf6 30. Qd8+ Kg7 31. Nh5+ Kh6 32. Qxf6+ Kxh5 33. Bf3# 1-0

[Event "*** Titled Tuesday Blitz"]
[Site "Chess.com"]
[Date "2020.05.12"]
[Round "5"]
[White "SPEEDSKATER"]
[Black "AleksanderHnydiuk"]
[Result "1-0"]
[WhiteElo "2765"]
[BlackElo "2579"]
[TimeControl "180+1"]
[EndTime "10:53:10 PDT"]
[Termination "SPEEDSKATER won by resignation"]

1. d4 Nf6 2. c4 e6 3. Nf3 d5 4. Nc3 c5 5. cxd5 Nxd5 6. e4 Nxc3 7. bxc3 cxd4 8. cxd4 Bb4+ 9. Bd2 Bxd2+ 10. Qxd2 O-O 11. Rc1 b6 12. Bd3 Bb7 13. O-O Nd7 14. Qf4 h6 15. e5 Rc8 16. Nd2 f5 17. Bc4 Qe7 18. Bb3 g5 19. Qe3 Kg7 20. Nc4 Ba6 21.
Nd6 f4 22. Qf3 Rxc1 23. Rxc1 1-0

[Event "*** Titled Tuesday Blitz"]
[Site "Chess.com"]
[Date "2020.05.12"]
[Round "5"]
[White "SpasKozhuharov"]
[Black "OhanyanEminChess"]
[Result "1-0"]
[WhiteElo "2671"]
[BlackElo "2470"]
[TimeControl "180+1"]
[EndTime "10:53:12 PDT"]
[Termination "SpasKozhuharov won by resignation"]

1. c4 Nf6 2. Nc3 g6 3. e4 d6 4. d4 Bg7 5. f3 O-O 6. Be3 b6 7. Bd3 a6 8. Nge2 c5 9. O-O Nbd7 10. b3 Rb8 11. Qd2 Qc7 12. Rac1 e5 13. dxe5 Nxe5 14.
Bb1 Bb7 15. h3 Rbd8 16. f4 Ned7 17. Ng3 Rfe8 18. Rce1 Re7 19. f5 Ne5 20. Bh6 Bc8 21. Bxg7 Kxg7 22. fxg6 Be6 23. Qg5 Ned7 24. gxh7+ Kxh7 25. e5+ 1-0

[Event "*** Titled Tuesday Blitz"]
[Site "Chess.com"]
[Date "2020.05.12"]
[Round "5"]
[White "SameerMujumdar"]
[Black "calin_dragomirescu"]
[Result "1-0"]
[WhiteElo "2182"]
[BlackElo "2291"]
[TimeControl "180+1"]
[EndTime "10:53:15 PDT"]
[Termination "SameerMujumdar won by checkmate"]

1. e4 g6 2. d4 Bg7 3. Nc3 d6 4.
Nf3 Nf6 5. h3 O-O 6. Be3 c6 7.
Qd2 b5 8. Bd3 Nbd7 9. Bh6 e5 10.
Bxg7 Kxg7 11. O-O-O Qa5 12. Kb1 Rb8 13. g4 b4 14. Ne2 exd4 15. Nexd4 Qb6 16. Qf4 Nc5 17. g5 Ne8 18. h4 Na4 19. h5 Nc3+ 20. bxc3 bxc3+ 21. Nb3 a5 22. hxg6 fxg6 23. Qh4 Kf7 24. Bc4+ d5 25.
Qxh7+ Ng7 26. Ne5+ Ke6 27. exd5+ Kxe5 28. Rhe1+ Kf4 29.
Qxg7 Bf5 30. Rd4+ Kxg5 31. Qe7+ Kh6 32. Rh4# 1-0

[Event "*** Titled Tuesday Blitz"]
[Site "Chess.com"]
[Date "2020.05.12"]
[Round "5"]
[White "robertofabregas"]
[Black "Khayala13"]
[Result "0-1"]
[WhiteElo "2089"]
[BlackElo "2350"]
[TimeControl "180+1"]
[EndTime "10:53:15 PDT"]
[Termination "Khayala13 won by resignation"]

1. c4 e5 2. Nc3 Nf6 3. Nf3 Nc6 4. d3 d5 5. cxd5 Nxd5 6. g3 Be7 7. Bg2 O-O 8. O-O Be6 9. a3 f5 10. Qc2 Bf6 11.
Rd1 Qe7 12. e4 Nxc3 13. Qxc3 Rad8 14. Be3 Nd4 15. Bxd4 exd4 16. Qe1 Bb3 17. Rdc1 fxe4 18. Qxe4 Qxe4 19. dxe4 c6 20. a4 d3 21. Nd2 Bc2 22.
Ra2 Bd4 23. Rf1 a6 24. Bf3 b5 25. axb5 axb5 26. b4 Bc3 27. Nb1 Bxb1 28. Rxb1 Rxf3 0-1